 Dungeon Crawl Stone Soup version 0.19-a0-905-ge5e6a15 (webtiles) character file.

666995 Moloch the Executioner (level 27, -4/167 (168) HPs)
             Began as a Demonspawn Fighter on July 4, 2016.
             Was the Champion of Makhleb.
             Slain by Zeyzutig the pandemonium lord (27 damage)
             ... in Pandemonium on July 5, 2016.
             The game lasted 03:31:59 (55186 turns).

Moloch the Executioner (Demonspawn Fighter)        Turns: 55186, Time: 03:32:00

HP:   -4/167 (168)  AC: 30    Str: 30    XL:     27
MP:   35/39         EV: 22    Int: 14    God:    Makhleb [******]
Gold: 1739          SH:  7    Dex: 22    Spells: 10 memorised, 6 levels left

rFire  + + .     SeeInvis +     z - +8 frozen axe "Frostbite" {freezing cloud, *Noise +Fly rC+}
rCold  + + +     Gourm    .     F - +6 scale mail of Ukhladone {Regen+}
rNeg   + . .     Faith    .     (shield currently unavailable)
rPois  +         Spirit   .     (helmet unavailable)
rElec  .         Dismiss  .     M - +0 cloak of Wiuqoon {rF+ Dex+3}
rCorr  .         Reflect  +     a - +2 pair of gloves {Dex+3}
SustAt .         Harm     .     r - +2 pair of boots {Fly}
MR     ++++.     Rnd*Rage +     D - +3 amulet of reflection
Stlth  ..........               o - ring "Kathyevi" {rF+ rC+ Str+2}
                                B - ring "Qyucsij" {Int+3 SInv}

@: mighty, about to teleport, weakened, flying, incredibly resistant to hostile
enchantments, extremely unstealthy
A: hooves 1, horns 3, large bone plates 3, berserk 3, blurry vision 2, cold
resistance 1, frail 2, magic resistance 2, negative energy resistance 1, poison
resistance, powered by death 3, powered by pain 3, shaggy fur 1, slow
regeneration 1, 50% torment resistance, weak 1, black mark, subdued magic 1
a: Minor Destruction, Lesser Servant of Makhleb, Major Destruction, Greater
Servant of Makhleb, Renounce Religion, Stop Flying
}: 5/15 runes: decaying, serpentine, slimy, silver, demonic


You were in Pandemonium.
You worshipped Makhleb.
Makhleb was exalted by your worship.
You were not hungry.

You visited 11 branches of the dungeon, and saw 53 of its levels.
You visited Pandemonium 1 time, and saw 3 of its levels.
You visited 1 bazaar.
You also visited: Trove, Sewer, Ossuary and Ice Cave.

You collected 7918 gold pieces.
You spent 6179 gold pieces at shops.

Inventory:

Hand Weapons
 z - the +8 frozen axe "Frostbite" (weapon) {freezing cloud, *Noise +Fly rC+}
   (Okawaru gifted it to you on level 5 of the Lair of Beasts)

   It has been specially enchanted to freeze those struck by it, causing extra
   injury to most foes and up to half again as much damage against particularly
   susceptible opponents.
   It can also slow down cold-blooded creatures.
   It protects you from cold.
   It lets you fly.
   It may make noises in combat.
 P - a +9 vampiric executioner's axe
Armour
 a - a +2 pair of gloves of dexterity (worn)
 b - the +2 faerie dragon armour {rN+ MR+}
   (You took it off the Enchantress on level 1 of the Depths)

   It protects you from negative energy.
   It affects your resistance to hostile enchantments.
 r - a +2 pair of boots of flying (worn)
 v - a +0 storm dragon armour
 F - the +6 scale mail of Ukhladone (worn) {Regen+}
   (Okawaru gifted it to you on level 4 of the Depths)

   It increases your rate of regeneration.
 M - the +0 cloak of Wiuqoon (worn) {rF+ Dex+3}
   (Okawaru gifted it to you on level 2 of the Elven Halls)

   It affects your dexterity (+3).
   It protects you from fire.
Jewellery
 e - the ring "Boll" {rF+ Str+2 Int+4}
   (You found it on level 2 of the Crypt)

   [ring of intelligence]

   It affects your strength (+2).
   It affects your intelligence (+4).
   It protects you from fire.
 o - the ring "Kathyevi" (right hand) {rF+ rC+ Str+2}
   (You found it on level 5 of the Pits of Slime)

   [ring of protection from cold]

   It affects your strength (+2).
   It protects you from fire.
   It protects you from cold.
 B - the ring "Qyucsij" (left hand) {Int+3 SInv}
   (You took it off a deep elf high priest on level 3 of the Elven Halls)

   [ring of intelligence]

   It affects your intelligence (+3).
   It lets you see invisible.
 D - a +3 amulet of reflection (around neck)
 E - the ring of the Purple Skies {*Contam rF+ rN++}
   (You found it in an ice cave)

   [ring of protection from fire]

   It protects you from fire.
   It greatly protects you from negative energy.
   It causes magical contamination when unequipped.
 K - the ring of the Cicada {+Blink rC+ MR+ Dex+2}
   (You found it on level 5 of the Pits of Slime)

   [ring of dexterity]

   It affects your dexterity (+2).
   It protects you from cold.
   It affects your resistance to hostile enchantments.
   It lets you blink.
 Y - the ring "Kayhink" {rPois MR+ Int+2}
   (You found it in an ice cave)

   [ring of protection from magic]

   It affects your intelligence (+2).
   It protects you from poison.
   It affects your resistance to hostile enchantments.
 Z - an uncursed ring of wizardry
Wands
 i - a wand of teleportation (5/9)
 j - a wand of heal wounds (4/9)
 T - a wand of digging (8/24)
Scrolls
 c - 9 scrolls of recharging
 g - 3 scrolls of summoning
 h - 23 scrolls of remove curse
 n - 8 scrolls of immolation
 q - 4 scrolls of fear
 w - 19 scrolls of identify
 y - 9 scrolls of teleportation
 A - 7 scrolls of magic mapping
 G - 2 scrolls of silence
 H - 10 scrolls of blinking
 O - 3 scrolls of torment
 X - 5 scrolls of enchant armour
Potions
 d - 2 potions of beneficial mutation
 m - 27 potions of curing
 p - 5 potions of cure mutation
 s - 4 potions of cancellation
 t - 12 potions of magic
 u - 10 potions of might
 x - 7 potions of brilliance
 I - 6 potions of haste
 J - 5 potions of resistance
 N - 5 potions of agility
 U - 11 potions of heal wounds
 V - 7 potions of invisibility
Books
 l - a Necronomicon

   Spells                             Type                      Level
   a - Haunt                          Necromancy/Summoning         7
   b - Borgnjor's Revivification      Necromancy                   8
   c - Death's Door                   Charms/Necromancy            8
   d - Infestation                    Necromancy                   8
   e - Necromutation                  Transmutation/Necromancy     8
 C - a book of Enchantments

   Spells                             Type                      Level
   a - Cause Fear                     Hexes                        4
   b - Yara's Violent Unravelling     Hexes/Transmutation          5
   c - Silence                        Hexes/Air                    5
   d - Deflect Missiles               Charms/Air                   6
   e - Haste                          Charms                       6
   f - Discord                        Hexes                        8
Miscellaneous
 Q - 5 phantom mirrors
Comestibles
 f - 34 bread rations
 k - 13 meat rations
 R - 13 royal jellies


   Skills:
 - Level 16.2 Fighting
 - Level 26.6 Axes
 - Level 15.0 Armour
 - Level 13.3 Dodging
   Level 2.6 Shields
 - Level 12.8 Spellcasting
 - Level 6.9 Charms
 - Level 14.3 Necromancy
 - Level 7.1 Translocations
 - Level 11.1 Transmutations
 - Level 7.3 Air Magic
 - Level 13.7 Invocations
 + Level 9.6 Evocations


You had 6 spell levels left.
You knew the following spells:

 Your Spells              Type           Power        Failure   Level  Hunger
a - Blink                 Tloc           N/A          1%          2    None
b - Regeneration          Chrm/Necr      ####......   1%          3    None
c - Song of Slaying       Chrm           ###.....     1%          2    None
d - Cause Fear            Hex            #.........   95%         4    ###....
e - Necromutation         Tmut/Necr      ####......   100%        8    #######
f - Apportation           Tloc           ###.......   1%          1    None
g - Death's Door          Chrm/Necr      ####......   100%        8    #######
h - Darkness              Hex            #.........   100%        6    ######.
i - Silence               Hex/Air        ##........   83%         5    #####..
j - Haste                 Chrm           ###.....     92%         6    ######.


Dungeon Overview and Level Annotations

Branches:
Dungeon (15/15)            Temple (1/1) D:7            Lair (6/6) D:8
  Swamp (4/4) Lair:4        Snake (4/4) Lair:4        Slime (5/5) Lair:6
    Orc (2/2) D:11            Elf (3/3) Orc:2        Vaults (5/5) D:13
  Crypt (3/3) Vaults:2       Tomb (0/3) Crypt:3      Depths (5/5) D:15
    Zot (0/5) Depths:5

Altars:
Ashenzari
Cheibriados
Dithmenos
Elyvilon
Fedhas
Gozag
Hepliaklqana
Kikubaaqudgha
Makhleb
Nemelex Xobeh
Okawaru
Pakellas
Qazlal
Ru
Sif Muna
Trog
Uskayaw
Vehumet
Xom
Yredelemnul
Zin
The Shining One
Beogh
Jiyva

Shops:
D:8 :   D:13 =   D:15 [   Orc:2 [:(*   Elf:2 }   Vaults:2 *   Vaults:4 [
Vaults:5 !?!!!!%!

Portals:
Hell: Lair:6 Depths:1 Depths:2 Depths:3 Depths:4 Depths:5
Abyss: Depths:4
Pandemonium: Depths:3 Depths:5
Ziggurat: Depths:1

Annotations:
D:7 exclusion: door
Pan exclusion: 3 ice statues


Innate Abilities, Weirdness & Mutations

You have a pair of large horns on your head.
You are completely covered in large bone plates. (AC +4, SH +4)
You resist negative energy. (rN+)
You regenerate a lot of health from kills.
You are powered by pain.
You are somewhat able to resist unholy torments (1 in 2 success).
Your melee attacks may debilitate your foes.
You have large cloven feet.
You have an uncontrollable temper.
Scrolls take you longer to read.
Your flesh is cold resistant. (rC+)
You are very frail. (-20% HP)
You are highly resistant to hostile enchantments. (MR++)
Your system is resistant to poisons. (rPois)
You are covered in fur. (AC +1)
You regenerate slowly when monsters are visible.
You are weak. (Str -2)
Your spells are a little easier to cast, but a little less powerful.


Message History

Zeyzutig hits you but does no damage. The blizzard demon hits you!
You feel your power leaking away.
The blizzard demon hits you but does no damage.
The ice beast hits you but does no damage.
The gelid warmonger hits you from afar with a demon trident of venom!!
* * * LOW HITPOINT WARNING * * *
You focus on the pain.
You feel your power returning.
You feel as though you will be weak longer.
Unknown command.
Unknown command.
Unknown command.
Unknown command.
You slash Zeyzutig! You freeze Zeyzutig. Your headbutt misses Zeyzutig.
Zeyzutig is lightly wounded.
You slash the ice beast! You hit the stone giant. You freeze the stone giant.
You slash the deep elf knight! You freeze the deep elf knight.
You hit the deep elf knight. You freeze the deep elf knight.
You slash the blizzard demon! You freeze the blizzard demon.
You slash the Hell Sentinel! Zeyzutig hits you!!
You die...

... ... ..
#.############### ..#
#.≈≈#≈≈.2.....≈≈ ...#
#.≈≈#≈≈222Y..$≈≈ #...#
#.≈≈##C2662YY≈≈# .#...#
#..≈≈##21&2Y≈≈#
......##..≈≈≈##@Y888##
#......e.≈eeC≈≈≈≈≈. #
##........≈CY≈≈≈≈.. ..
#....##§...≈≈≈≈≈...
.#.#..#....##..e........
.#.###.#...##..e.......
#.#..#..#(.............
.#. #..(...............
#.#.##)(...............


You could see Zeyzutig, a Hell Sentinel, a fire giant, a gelid warmonger, 2
stone giants, 3 ice statues, 8 blizzard demons, a gelid black sun, a deep elf
archer, 4 deep elf knights and 6 ice beasts.

Vanquished Creatures
  the Royal Jelly (Slime:5)
  An ancient lich (Vaults:5)
  A pandemonium lord (Pan)
  2 juggernauts (Depths:4)
  Boris (Crypt:1)
  2 greater mummies (Crypt:2)
  Bai Suzhen (Swamp:4)
  Xtahua (Vaults:5)
  Margery (Depths:3)
  Saint Roka (Snake:3)
  Nikola (Snake:1)
  Frederick (Depths:4)
  A caustic shrike (Depths:4)
  3 golden dragons
  A profane servitor (Depths:5)
  the Enchantress (Depths:1)
  2 Brimstone Fiends (Pan)
  8 tentacled monstrosities
  Jorgrun (Vaults:3)
  A shard shrike zombie (Crypt:3)
  An Ice Fiend (Pan)
  Asterion (Elf:2)
  9 deep elf blademasters
  12 titans
  A quicksilver dragon (Vaults:5)
  9 liches
  2 Executioners (Pan)
  10 sphinxes
  5 deep elf master archers
  13 acid blobs
  4 ancient champions
  The ghost of inmateoo the Severer, an adept MiFi of Hepliaklqana (Elf:2)
  Agnes (Elf:1)
  4 thorn hunters
  5 storm dragons
  3 shadow dragons
  8 tengu reavers
  11 greater nagas
  2 revenants (Crypt:3)
  Wiglaf (Vaults:5)
  13 fire giants
  11 azure jellies
  18 frost giants
  Donald (Swamp:1)
  An orc warlord (Orc:2)
  22 vault wardens
  7 deep elf sorcerers
  Aizul (Snake:2)
  A draconian scorcher (Depths:5)
  11 deep elf elementalists
  A draconian zealot (Depths:5)
  Louise (Elf:1)
  A caustic shrike zombie (D:15)
  2 curse skulls
  16 ironheart preservers
  3 cacodemons (Pan)
  A reaper (Crypt:2)
  A warmonger (Pan)
  3 ghouls (Crypt:1)
  30 stone giants
  9 spriggan defenders
  14 very ugly things
  A green draconian (Crypt:2)
  A war gargoyle (Vaults:5)
  6 vampire knights
  A yellow draconian (Depths:5)
  A purple draconian (Depths:5)
  8 deep elf demonologists
  A black sun (Pan)
  Nessos (Orc:2)
  A spectral titan (Crypt:3)
  A black draconian (Depths:5)
  10 spark wasps
  A dire elephant (Lair:6)
  A mottled draconian (Depths:5)
  A spark wasp (shapeshifter) (Depths:5)
  7 deep elf annihilators
  7 mummy priests
  2 merfolk javelineers (Depths:3)
  2 pearl dragon zombies (Depths:5)
  Snorg (Lair:6)
  6 eidola
  A merfolk impaler (Depths:2)
  13 ettins
  7 death oozes (Slime:5)
  A fire dragon (shapeshifter) (Vaults:5)
  8 deep elf death magi
  3 blizzard demons (Pan)
  9 jiangshi
  21 ice dragons
  Fannar (Orc:1)
  10 fire dragons
  Josephine (D:12)
  11 great orbs of eyes
  9 deep elf high priests
  14 yaktaur captains
  6 naga warriors
  38 vault guards
  A monstrous demonspawn (Pan)
  5 rakshasas
  20 hydras
  2 ghost crabs
  A hell beast (Lair:6)
  7 spriggan air magi
  A catoblepas (Lair:6)
  An anaconda (shapeshifter) (Depths:4)
  19 anacondas
  5 centaur warriors
  2 juggernaut simulacra (Pan)
  The ghost of Aquadorian the Thaumaturge, a journeyman GrEE of Vehumet (Lair:1)
  11 ogre magi
  6 death yaks (Lair:6)
  14 deep troll shamans
  3 death knights
  3 tengu warriors
  27 dancing weapons
  A queen ant (shapeshifter) (Vaults:3)
  11 deep troll earth magi
  6 alligators
  3 hell hogs (Depths:5)
  5 naga sharpshooters
  A titan zombie (Crypt:3)
  6 vampire magi
  7 orc high priests
  4 spriggan berserkers
  5 shock serpents
  31 deep elf knights
  14 spriggans
  10 soul eaters
  A storm dragon zombie (Depths:4)
  23 skeletal warriors
  8 large abominations
  2 fire crabs (shapeshifter)
  A storm dragon skeleton (Crypt:1)
  5 hell knights
  23 shadow wraiths
  A salamander mystic (Snake:2)
  4 fire crabs
  2 iron trolls
  5 naga ritualists (Snake:4)
  7 flayed ghosts
  An anaconda zombie (Crypt:1)
  4 shadow demons (Pan)
  A gelid demonspawn (Pan)
  A putrid demonspawn (Pan)
  40 deep trolls
  An unseen horror (D:13)
  2 quicksilver dragon simulacra
  4 spriggan druids
  6 giant orange brains
  10 deep elf archers
  A cherub (Pan)
  10 swamp dragons
  A harpy (shapeshifter) (Vaults:5)
  23 phantasmal warriors
  An infernal demonspawn (Pan)
  15 ironbrand convokers
  2 spectral wolf spiders (Crypt:3)
  11 orc knights
  A shambling mangrove (Swamp:4)
  11 necromancers
  8 harpies
  A wolf spider zombie (D:13)
  An anaconda skeleton (Crypt:3)
  4 hill giants
  A stone giant zombie (Vaults:5)
  6 mana vipers
  67 deep elf magi
  39 ugly things
  A wolf spider (shapeshifter) (Elf:3)
  7 wizards
  3 wolf spiders
  A griffon (shapeshifter) (Vaults:5)
  2 orc sorcerers (Orc:2)
  A cyclops (shapeshifter) (Depths:4)
  5 hornets
  7 griffons
  A shadow dragon skeleton (Depths:4)
  9 shining eyes
  A manticore (D:15)
  9 salamanders
  3 cyclopes
  A shock serpent zombie (Crypt:1)
  10 elephants
  3 centaur zombies
  4 sixfirhies (Pan)
  A moth of wrath (shapeshifter) (Vaults:5)
  An eye of devastation (shapeshifter) (Depths:4)
  2 iron dragon skeletons
  4 ice statues
  13 guardian serpents (Snake:4)
  A salamander (shapeshifter) (Vaults:2)
  An eye of devastation (Slime:5)
  10 vault sentinels
  4 apis skeletons (Depths:5)
  22 smoke demons (Pan)
  3 titan simulacra (Crypt:3)
  4 molten gargoyles
  17 spiny frogs
  Psyche (D:9)
  2 torpor snails (shapeshifter)
  16 naga magi
  3 gargoyles
  39 black mambas
  2 storm dragon simulacra (Crypt:3)
  6 rime drakes
  An efreet (D:13)
  An emperor scorpion zombie (Crypt:2)
  6 orange demons
  A rime drake (shapeshifter) (D:15)
  A black draconian zombie (Crypt:2)
  A komodo dragon (shapeshifter) (Vaults:5)
  4 komodo dragons
  8 ice devils
  An anaconda simulacrum (Crypt:3)
  5 small abominations (Vaults:5)
  A pale draconian skeleton (Crypt:3)
  6 tormentors (Pan)
  25 freezing wraiths
  A yaktaur zombie (Vaults:1)
  2 golden dragon simulacra (Crypt:3)
  73 yaktaurs
  2 hellwings
  3 tengu conjurers
  A ghost moth simulacrum (Crypt:3)
  14 guardian mummies
  A red devil (Lair:6)
  3 jumping spiders (shapeshifter)
  A queen bee (Lair:5)
  A wolf spider simulacrum (Crypt:3)
  3 meliai (Lair:5)
  A polar bear (shapeshifter) (Depths:4)
  3 wind drakes (Elf:1)
  12 trolls
  A raiju (shapeshifter) (Vaults:2)
  A giant leech (shapeshifter) (Vaults:5)
  4 giant leeches
  A shadow dragon simulacrum (Crypt:3)
  23 blink frogs
  15 two-headed ogres
  A wind drake (shapeshifter) (Vaults:3)
  7 boulder beetles
  A fire dragon zombie (D:15)
  An ice dragon zombie (Crypt:3)
  An alligator zombie (Crypt:2)
  A fire giant simulacrum (Vaults:2)
  5 bog bodies
  A harpy skeleton (Crypt:1)
  87 slime creatures
  9 flying skulls (Crypt:3)
  Sigmund (D:4)
  An ice dragon skeleton (Crypt:2)
  A stone giant simulacrum (Vaults:5)
  27 water elementals
  A redback (shapeshifter) (Depths:2)
  A frost giant simulacrum (Crypt:3)
  12 shadows
  An ettin skeleton (Vaults:5)
  A fire dragon skeleton (D:15)
  2 wyverns
  3 dire elephant simulacra
  A vampire (D:15)
  15 air elementals
  18 wraiths
  A fire bat (shapeshifter) (Depths:4)
  A ynoxinul (Pan)
  5 neqoxecs (Pan)
  37 yaks
  A black mamba skeleton (Crypt:1)
  13 fire elementals
  A golden eye (Slime:5)
  21 humans
  A spectral elf (Crypt:3)
  3 fire bats (Orc:1)
  A golden eye (shapeshifter) (Vaults:2)
  7 hungry ghosts
  2 steam dragons
  A basilisk (shapeshifter) (Vaults:2)
  6 hippogriffs
  18 insubstantial wisps (Swamp:2)
  20 vampire mosquitoes
  Edmund (D:4)
  2 chaos spawn (Pan)
  44 nagas
  12 swamp worms
  An ogre zombie (Vaults:1)
  10 wargs
  3 gelid demonspawn skeletons
  2 hydra simulacra (Crypt:3)
  14 water moccasins
  A hell hound (Lair:6)
  A deep troll skeleton (Crypt:1)
  A giant eyeball (shapeshifter) (Vaults:2)
  7 porcupines
  13 swamp drakes
  19 ice beasts
  A sky beast (D:10)
  54 orc warriors
  2 ettin simulacra (Crypt:3)
  3 eyes of draining
  13 wasps
  43 ogres
  15 boggarts
  An eye of draining (shapeshifter) (Vaults:4)
  4 phantoms
  7 centaurs
  An ice dragon simulacrum (Crypt:3)
  A snapping turtle skeleton (Crypt:2)
  6 wolves (Lair:5)
  14 crocodiles
  2 big kobolds
  7 earth elementals
  16 giant frogs
  A komodo dragon skeleton (Crypt:1)
  A yaktaur skeleton (Vaults:1)
  5 scorpions
  A hippogriff zombie (Crypt:2)
  A snapping turtle simulacrum (Crypt:3)
  28 killer bees
  8 wights
  An electric eel (Lair:4)
  6 crimson imps
  2 giant frog zombies
  A quasit (D:11)
  7 hounds
  6 jellies
  3 giant frog skeletons
  A human zombie (Ossuary)
  25 orc priests
  4 centaur skeletons
  4 iguanas
  28 orc wizards
  12 worker ants
  22 sheep
  A naga skeleton (Crypt:1)
  2 ogre skeletons
  A hound zombie (D:6)
  A hound skeleton (D:8)
  6 mummies
  A worker ant zombie (D:7)
  12 adders
  3 gnolls (D:7)
  2 howler monkey skeletons
  60 river rats
  A naga simulacrum (Crypt:3)
  6 shadow imps
  12 white imps (Lair:2)
  A lava snake zombie (Crypt:2)
  An ooze (D:2)
  3 adder skeletons
  A sheep skeleton (Crypt:3)
  9 worms
  3 dart slugs
  9 giant geckos
  81 orcs
  5 bats
  7 giant cockroaches
  A gnoll zombie (Ossuary)
  2 goblins
  8 hobgoblins
  16 jackals
  11 kobolds
  2 quokkas
  A river rat zombie (Crypt:3)
  3 ball pythons
  A giant gecko skeleton (D:6)
  A giant gecko zombie (D:8)
  13 giant newts
  A giant newt zombie (Crypt:2)
  4 goblin zombies (Ossuary)
  4 hobgoblin zombies (Ossuary)
  A jackal skeleton (Crypt:1)
  4 kobold zombies (Ossuary)
  20 rats
  A butterfly (Lair:5)
  4 crawling corpses (Vaults:5)
  3 fire vortices
  9 fungi
  12 plants
2727 creatures vanquished.

Vanquished Creatures (others)
  A caustic shrike (Depths:4)
  A fire giant (Depths:3)
  A deep elf elementalist (Elf:3)
  A dancing weapon (Elf:2)
  A deep elf knight (Elf:2)
  A deep elf mage (Elf:1)
  An ogre (Vaults:4)
  2 orcs
  A fire vortex (Elf:1)
  11 fungi
  18 plants
39 creatures vanquished.

Grand Total: 2766 creatures vanquished

Notes
Turn   | Place    | Note
-------+----------+-------------------------------------------
     0 | D:1      | Moloch the Demonspawn Fighter began the quest for the Orb.
     0 | D:1      | Reached XP level 1. HP: 18/18 MP: 1/1
    43 | D:1      | Reached skill level 2 in Axes
   173 | D:1      | Gained mutation: You regenerate a little health from kills. [demonic ancestry]
   173 | D:1      | Reached XP level 2. HP: 24/24 MP: 2/2
   332 | D:1      | Reached skill level 3 in Axes
   790 | D:2      | Reached XP level 3. HP: 18/29 MP: 3/3
   872 | D:2      | Found a hazy altar of Hepliaklqana.
   940 | D:2      | Found a hide-covered altar of Uskayaw.
   941 | D:2      | Found an oddly glowing altar of Pakellas.
  1038 | D:2      | Found a snail-covered altar of Cheibriados.
  1039 | D:2      | Found a radiant altar of Vehumet.
  1039 | D:2      | Found a basalt altar of Yredelemnul.
  1223 | D:2      | Gained mutation: You sometimes gain a little power by taking damage. [demonic ancestry]
  1223 | D:2      | Reached XP level 4. HP: 35/35 MP: 4/4
  1240 | D:2      | Reached skill level 4 in Axes
  1721 | D:3      | Gained mutation: You are partially covered in large bone plates. (AC +2, SH +2) [demonic ancestry]
  1721 | D:3      | Reached XP level 5. HP: 35/41 MP: 5/5
  2064 | D:4      | Noticed Sigmund
  2072 | D:4      | Killed Sigmund
  2072 | D:4      | Reached skill level 6 in Axes
  2072 | D:4      | Reached XP level 6. HP: 44/47 MP: 6/6
  2131 | D:4      | Noticed Edmund
  2152 | D:4      | Killed Edmund
  2216 | D:4      | Found a glowing drain.
  2269 | D:4      | Reached skill level 7 in Axes
  2269 | D:4      | Gained mutation: You regenerate health from kills. [demonic ancestry]
  2269 | D:4      | Reached XP level 7. HP: 31/52 MP: 7/7
  2277 | Sewer    | Entered a sewer
  3009 | D:4      | Learned a level 2 spell: Blink
  3557 | D:5      | Entered Level 5 of the Dungeon
  3633 | D:5      | Reached skill level 8 in Axes
  4552 | D:5      | Reached XP level 8. HP: 57/58 MP: 8/8
  4613 | D:5      | Reached skill level 9 in Axes
  5176 | D:6      | Found an opulent altar of Gozag.
  5715 | D:7      | Reached skill level 10 in Axes
  5804 | D:7      | Found a sand-covered staircase.
  5815 | Ossuary  | Entered an ossuary
  6651 | D:7      | Found a staircase to the Ecumenical Temple.
  6657 | Temple   | Entered the Ecumenical Temple
  6701 | Temple   | Became a worshipper of Warmaster Okawaru
  7124 | D:7      | Reached XP level 9. HP: 58/63 MP: 9/9
  7674 | D:8      | Reached skill level 11 in Axes
  7930 | D:8      | Found a staircase to the Lair.
  7940 | D:8      | Reached * piety under Okawaru
  8005 | D:8      | Found Mirukigg's Book Emporium.
  8132 | D:8      | Reached skill level 12 in Axes
  8230 | D:8      | Learned a level 3 spell: Regeneration
  8333 | D:8      | Reached ** piety under Okawaru
  8695 | D:9      | Noticed Psyche
  8707 | D:9      | Killed Psyche
  8735 | D:9      | Found a shattered altar of Ashenzari.
  8835 | D:9      | Gained mutation: You are mostly covered in large bone plates. (AC +3, SH +3) [demonic ancestry]
  8835 | D:9      | Reached XP level 10. HP: 53/70 MP: 10/10
  8855 | D:9      | Reached skill level 13 in Axes
  9576 | D:9      | Reached *** piety under Okawaru
  9864 | D:10     | Entered Level 10 of the Dungeon
  9879 | D:10     | Noticed a gargoyle
  9914 | D:10     | Noticed a hill giant
  9924 | D:10     | Killed a hill giant
 10163 | D:10     | Reached skill level 5 in Fighting
 10209 | D:10     | Gained mutation: Potions and wands are less effective at restoring your health. [mutagenic meat]
 10212 | D:10     | Gained mutation: You expend magic power (3 MP) to strengthen your wands. [mutagenic meat]
 10215 | D:10     | Gained mutation: Your spells are a little harder to cast, but a little more powerful. [mutagenic meat]
 10218 | D:10     | Gained mutation: You are dopey. (Int -2) [mutagenic meat]
 10221 | D:10     | Lost mutation: Your spells are a little harder to cast, but a little more powerful. [mutagenic meat]
 10224 | D:10     | Gained mutation: Your body sometimes deteriorates upon taking damage. [mutagenic meat]
 10235 | D:10     | Reached skill level 14 in Axes
 10250 | D:10     | HP: 3/74 [gargoyle/stone arrow (16)]
 10253 | D:10     | Killed a gargoyle
 10711 | D:10     | HP: 2/76 [komodo dragon (23)]
 10714 | D:10     | Reached **** piety under Okawaru
 11254 | D:11     | Gained mutation: You regenerate a lot of health from kills. [demonic ancestry]
 11254 | D:11     | Reached XP level 11. HP: 71/81 MP: 11/11
 11395 | D:11     | Found a staircase to the Orcish Mines.
 11444 | D:11     | Noticed a hill giant
 11456 | D:11     | Killed a hill giant
 11456 | D:11     | Reached ***** piety under Okawaru
 11549 | D:11     | Noticed a brown ugly thing
 11560 | D:11     | Killed a brown ugly thing
 11560 | D:11     | Received a gift from Okawaru
 11959 | D:11     | Upgraded the game from 0.19-a0-892-g8a19e52 to 0.19-a0-905-ge5e6a15
 12024 | Lair:1   | Entered Level 1 of the Lair of Beasts
 12123 | Lair:1   | Reached skill level 15 in Axes
 12281 | Lair:1   | Noticed Aquadorian's ghost (journeyman GrEE)
 12497 | Orc:1    | Entered Level 1 of the Orcish Mines
 12497 | Orc:1    | Noticed Fannar
 12528 | Orc:1    | Killed Fannar
 12638 | Orc:1    | Noticed an orc knight
 12662 | Orc:1    | Killed an orc knight
 12664 | Orc:1    | Noticed an orc high priest
 12667 | Orc:1    | Noticed a sun demon
 12686 | Orc:1    | Killed an orc high priest
 12686 | Orc:1    | Reached skill level 16 in Axes
 12737 | Orc:2    | Entered Level 2 of the Orcish Mines
 12748 | Orc:2    | Noticed an orc high priest
 12754 | Orc:2    | Noticed an orc high priest
 12754 | Orc:2    | Gained mutation: You sometimes gain power by taking damage. [demonic ancestry]
 12754 | Orc:2    | Reached XP level 12. HP: 63/91 MP: 9/12
 12766 | Orc:1    | Killed an orc high priest
 12855 | Orc:1    | Killed an orc high priest
 13074 | Orc:2    | Found Xazoedil's Book Shoppe.
 13077 | Orc:2    | Noticed an orc high priest
 13129 | Orc:1    | Killed an orc high priest
 13277 | Orc:1    | Received a gift from Okawaru
 13519 | Orc:2    | Found a roughly hewn altar of Beogh.
 13548 | Orc:2    | Noticed an orc high priest
 13566 | Orc:2    | Noticed a stone giant
 13674 | Orc:2    | Killed an orc high priest
 13674 | Orc:2    | Reached skill level 17 in Axes
 13679 | Orc:2    | Found Yteigg's General Store.
 13687 | Orc:2    | Bought a scroll of acquirement for 832 gold pieces
 13690 | Orc:2    | Got a fine chain mail
 13720 | Orc:2    | Noticed Nessos
 13734 | Orc:2    | Killed Nessos
 13781 | Orc:1    | Identified the +3 chain mail of Midnight {rF- Str+8 Slay+5} (You acquired it on level 2 of the Orcish Mines)
 13820 | Orc:2    | Paralysed by an orc sorcerer for 6 turns
 14140 | Lair:1   | Killed Aquadorian's ghost
 14163 | Lair:1   | Noticed a four-headed hydra
 14175 | Lair:1   | Killed a four-headed hydra
 14702 | Lair:2   | Found a frozen archway.
 14743 | IceCv    | Entered an ice cave
 14778 | IceCv    | Reached ****** piety under Okawaru
 14778 | IceCv    | Received a gift from Okawaru
 14800 | IceCv    | Gained mutation: You have a pair of small horns on your head. [demonic ancestry]
 14800 | IceCv    | Reached XP level 13. HP: 92/98 MP: 13/13
 14814 | IceCv    | Got an ancient hand axe {god gift}
 14815 | IceCv    | Identified the +2 hand axe "Ogoaruh" {pain, *Rage rF+ Str+3} (Okawaru gifted it to you in an ice cave)
 14975 | IceCv    | Reached skill level 18 in Axes
 15090 | IceCv    | Got a vibrating amber ring
 15094 | IceCv    | Got a coiled marble ring
 15116 | IceCv    | Got a scintillating lapis lazuli ring
 15121 | IceCv    | Identified the ring of the Purple Skies {*Contam rF+ rN++} (You found it in an ice cave)
 15129 | IceCv    | Identified the ring "Cagaed" {rF+ Str-2 Dex+10 Stlth+} (You found it in an ice cave)
 15131 | IceCv    | Identified the ring "Kayhink" {rPois MR+ Int+2} (You found it in an ice cave)
 16708 | Lair:4   | Received a gift from Okawaru
 16714 | Lair:4   | Got an ancient battleaxe {god gift}
 16720 | Lair:4   | Identified the +9 battleaxe "Zinixt" {flame, rElec Str+2} (Okawaru gifted it to you on level 4 of the Lair of Beasts)
 17066 | Lair:4   | Found a staircase to the Swamp.
 17096 | Lair:4   | Reached skill level 1 in Dodging
 17102 | Lair:4   | Found a staircase to the Snake Pit.
 17820 | Lair:5   | Received a gift from Okawaru
 18007 | Lair:5   | Reached skill level 19 in Axes
 18533 | Lair:6   | Entered Level 6 of the Lair of Beasts
 18571 | Lair:6   | Found a viscous altar of Jiyva.
 18587 | Lair:6   | Reached XP level 14. HP: 108/108 MP: 14/14
 18692 | Lair:6   | Received a gift from Okawaru
 18854 | Lair:6   | Found a staircase to the Slime Pits.
 18865 | Lair:6   | Noticed Snorg
 18876 | Lair:6   | Killed Snorg
 18958 | Lair:6   | Reached skill level 20 in Axes
 19171 | Lair:6   | Received a gift from Okawaru
 19321 | Lair:6   | Found a burning altar of Makhleb.
 19339 | Lair:6   | Found a gateway to Hell.
 19804 | Orc:2    | Noticed an orc warlord
 19820 | Orc:2    | Killed an orc warlord
 19901 | Orc:2    | Found Mozucuph's Antique Armour Emporium.
 19927 | Orc:2    | Received a gift from Okawaru
 19948 | Orc:2    | Reached skill level 5 in Armour
 20002 | Orc:2    | Killed a stone giant
 20182 | Orc:2    | Found a staircase to the Elven Halls.
 20189 | Orc:2    | Found Eric's Antique Weapon Emporium.
 20368 | D:12     | Noticed Josephine
 20375 | D:12     | Killed Josephine
 20560 | D:12     | Gained mutation: Your body often deteriorates upon taking damage. [mutagenic meat]
 20563 | D:12     | Gained mutation: You have very sharp teeth. [mutagenic meat]
 20637 | D:12     | Received a gift from Okawaru
 20968 | D:13     | Learned a level 2 spell: Song of Slaying
 20996 | D:13     | Found Quod's Jewellery Emporium.
 21035 | D:13     | Reached XP level 15. HP: 98/115 MP: 15/15
 21040 | D:13     | Reached skill level 10 in Fighting
 21159 | D:13     | Found a gate to the Vaults.
 21163 | D:13     | Received a gift from Okawaru
 22102 | D:14     | Got a faintly humming chain mail
 22103 | D:14     | Identified the +3 chain mail of Gipist {-Tele rF+ rC+ Int+4} (You found it on level 14 of the Dungeon)
 22135 | D:15     | Entered Level 15 of the Dungeon
 22206 | D:15     | Got a brightly glowing chain mail
 22207 | D:15     | Identified the +7 chain mail "Vebiy" {rF+ rN+ MR- Dex+4} (You found it on level 15 of the Dungeon)
 22266 | D:15     | Found a staircase to the Depths.
 22300 | D:15     | Received a gift from Okawaru
 22549 | D:15     | Found Ushalium's Armour Boutique.
 22557 | D:15     | Bought the +4 cloak of Beadgh {Slay+2} for 598 gold pieces
 22557 | D:15     | Bought a +2 pair of boots for 247 gold pieces
 22617 | D:15     | Reached skill level 5 in Dodging
 22797 | D:15     | Lost mutation: You expend magic power (3 MP) to strengthen your wands. [mutagenic meat]
 22800 | D:15     | Gained mutation: You are robust. (+10% HP) [mutagenic meat]
 22803 | D:15     | Lost mutation: You are dopey. (Int -2) [mutagenic meat]
 22806 | D:15     | Gained mutation: Your flesh is heat resistant. (rF+) [mutagenic meat]
 22809 | D:15     | Gained mutation: You have a pair of horns on your head. [mutagenic meat]
 22812 | D:15     | Lost mutation: Your flesh is heat resistant. (rF+) [mutagenic meat]
 22815 | D:15     | Gained mutation: You have a pair of large horns on your head. [mutagenic meat]
 22818 | D:15     | Lost mutation: You have a pair of large horns on your head. [mutagenic meat]
 22821 | D:15     | Gained mutation: You tend to lose your temper in combat. [mutagenic meat]
 22907 | D:15     | Gained mutation: You are occasionally teleported next to monsters. [mutagenic meat]
 23056 | D:15     | Gained mutation: You have sharp toenails. [potion of mutation]
 23056 | D:15     | Lost mutation: Your body often deteriorates upon taking damage. [potion of mutation]
 23057 | D:15     | Lost mutation: You tend to lose your temper in combat. [potion of cure mutation]
 23057 | D:15     | Lost mutation: You have very sharp teeth. [potion of cure mutation]
 23057 | D:15     | Lost mutation: You have a pair of horns on your head. [potion of cure mutation]
 23057 | D:15     | Lost mutation: Your body sometimes deteriorates upon taking damage. [potion of cure mutation]
 23057 | D:15     | Lost mutation: You are robust. (+10% HP) [potion of cure mutation]
 23057 | D:15     | Lost mutation: You are occasionally teleported next to monsters. [potion of cure mutation]
 23261 | Snake:1  | Entered Level 1 of the Snake Pit
 23328 | Snake:1  | Noticed Nikola
 23350 | Snake:1  | Killed Nikola
 23350 | Snake:1  | Reached skill level 21 in Axes
 23919 | Snake:1  | Received a gift from Okawaru
 24204 | Snake:2  | Noticed a greater naga
 24225 | Snake:2  | Killed a greater naga
 24225 | Snake:2  | Gained mutation: You have a pair of horns on your head. [demonic ancestry]
 24225 | Snake:2  | Reached XP level 16. HP: 117/125 MP: 13/16
 24391 | Snake:2  | Noticed Aizul
 24406 | Snake:2  | Killed Aizul
 24417 | Snake:2  | Gained mutation: You are somewhat resistant to further mutation. [mutagenic meat]
 24423 | Snake:2  | Gained mutation: Your skin changes colour to match your surroundings (Stealth+). [mutagenic meat]
 24766 | Snake:2  | Received a gift from Okawaru
 25038 | Snake:3  | Noticed Saint Roka
 25254 | Snake:3  | Killed Saint Roka
 25710 | Snake:4  | Entered Level 4 of the Snake Pit
 26259 | Snake:4  | Lost mutation: You are somewhat resistant to further mutation. [potion of cure mutation]
 26259 | Snake:4  | Lost mutation: Potions and wands are less effective at restoring your health. [potion of cure mutation]
 26268 | Snake:4  | Gained mutation: You are somewhat resistant to further mutation. [mutagenic meat]
 26274 | Snake:4  | Gained mutation: You are covered in fur. (AC +1) [mutagenic meat]
 26292 | Snake:4  | Received a gift from Okawaru
 26303 | Snake:4  | Gained mutation: You regenerate slowly when monsters are visible. [mutagenic meat]
 26323 | Snake:4  | Gained mutation: You are dopey. (Int -2) [mutagenic meat]
 26329 | Snake:4  | Gained mutation: You are somewhat resistant to both further mutation and mutation removal. [mutagenic meat]
 26332 | Snake:4  | Gained mutation: Your system is resistant to poisons. (rPois) [mutagenic meat]
 26679 | Snake:4  | Received a gift from Okawaru
 26718 | Snake:4  | Reached skill level 10 in Armour
 26747 | Snake:4  | Received a gift from Okawaru
 26820 | Snake:4  | Reached XP level 17. HP: 89/133 MP: 17/17
 27241 | Snake:4  | Gained mutation: You are completely covered in large bone plates. (AC +4, SH +4) [mutagenic meat]
 27253 | Snake:4  | Gained mutation: You tend to lose your temper in combat. [mutagenic meat]
 27434 | Snake:4  | Got a serpentine rune of Zot
 27601 | Swamp:1  | Entered Level 1 of the Swamp
 27677 | Swamp:1  | Noticed Donald
 27693 | Swamp:1  | Killed Donald
 27693 | Swamp:1  | Received a gift from Okawaru
 27710 | Swamp:1  | Identified a +2 pair of boots of running (Okawaru gifted it to you on level 1 of the Swamp)
 27846 | Swamp:1  | Reached skill level 22 in Axes
 28421 | Swamp:2  | Found a glowing golden altar of the Shining One.
 29209 | Swamp:3  | Learned a level 4 spell: Cause Fear
 29543 | Swamp:4  | Entered Level 4 of the Swamp
 29735 | Swamp:4  | Noticed Bai Suzhen
 29737 | Swamp:4  | Received a gift from Okawaru
 29754 | Swamp:4  | Killed Bai Suzhen
 29815 | Swamp:4  | Gained mutation: You are powered by pain. [demonic ancestry]
 29815 | Swamp:4  | Reached XP level 18. HP: 141/143 MP: 18/18
 29891 | Swamp:4  | Got a decaying rune of Zot
 30325 | Lair:4   | Reached skill level 1 in Invocations
 30555 | Elf:1    | Entered Level 1 of the Elven Halls
 30555 | Elf:1    | Noticed Louise
 30571 | Elf:1    | Killed Louise
 30752 | Elf:1    | Received a gift from Okawaru
 30774 | Elf:1    | Reached skill level 5 in Invocations
 30938 | Elf:1    | Noticed Agnes
 30946 | Elf:1    | Killed Agnes
 31427 | Elf:1    | Identified Diunkyono's Grimoire of Earth
 31433 | Elf:1    | Identified the Handbook of the Butterfly
 31447 | Elf:1    | You are sucked into a shaft!
 31532 | Elf:2    | Reached skill level 10 in Invocations
 31699 | Elf:2    | Found Sugryczu's Gadget Shoppe.
 31746 | Elf:2    | Received a gift from Okawaru
 31763 | Elf:2    | Got a spiked cloak {god gift}
 31774 | Elf:2    | Identified the +0 cloak of Wiuqoon {rF+ Dex+3} (Okawaru gifted it to you on level 2 of the Elven Halls)
 31823 | Elf:2    | Found a runed gate.
 31823 | Elf:2    | Found a runed gate.
 31857 | Elf:2    | Found a runed gate.
 31947 | Elf:2    | Noticed inmateoo's ghost (adept MiFi)
 31960 | Elf:2    | Killed inmateoo's ghost
 32497 | Elf:2    | Noticed Asterion
 32862 | Elf:2    | Mutation became permanent: You are completely covered in large bone plates. (AC +4, SH +4) [demonic ancestry]
 32862 | Elf:2    | Reached XP level 19. HP: 146/150 MP: 29/29
 33073 | Elf:2    | Killed Asterion
 33191 | Elf:3    | Entered Level 3 of the Elven Halls
 33500 | Elf:3    | Received a gift from Okawaru
 33997 | Elf:3    | Reached skill level 10 in Dodging
 33999 | Elf:3    | Received a gift from Okawaru
 34005 | Elf:3    | Got an encrusted plate armour {god gift}
 34007 | Elf:3    | Identified the +1 plate armour of Zajy {*Drain rPois Dex+5 Stlth-} (Okawaru gifted it to you on level 3 of the Elven Halls)
 34171 | Elf:3    | Reached skill level 23 in Axes
 34856 | Elf:3    | Noticed a Tzitzimitl
 34857 | Elf:3    | Noticed a Tzitzimitl
 34901 | Elf:3    | Got a scorched platinum ring
 34903 | Elf:3    | Identified the ring "Qyucsij" {Int+3 SInv} (You took it off a deep elf high priest on level 3 of the Elven Halls)
 34963 | Elf:3    | Got a steaming platinum amulet
 34964 | Elf:3    | Identified the amulet "Boutovat" {Inacc rF++ Int+2 Dex-5 Stlth+} (You found it on level 3 of the Elven Halls)
 34993 | Elf:3    | Identified the Tome of Mutagenic Hexes
 34999 | Elf:3    | Identified the Reference Book on Transmigration and the Blaze
 35361 | Elf:1    | Gained mutation: You have a pair of large horns on your head. [demonic ancestry]
 35361 | Elf:1    | Reached XP level 20. HP: 147/160 MP: 30/30
 35514 | Vaults:1 | Entered Level 1 of the Vaults
 35604 | Vaults:1 | Received a gift from Okawaru
 35604 | Vaults:1 | Reached skill level 1 in Charms
 35766 | Vaults:1 | Reached skill level 1 in Necromancy
 35901 | Vaults:1 | Reached skill level 1 in Spellcasting
 35925 | Vaults:1 | Reached skill level 1 in Translocations
 35943 | Vaults:1 | Found a radiant altar of Vehumet.
 36539 | Vaults:2 | Lost mutation: You are somewhat resistant to both further mutation and mutation removal. [potion of cure mutation]
 36539 | Vaults:2 | Lost mutation: You tend to lose your temper in combat. [potion of cure mutation]
 36699 | Vaults:2 | Found a staircase to the Crypt.
 36765 | Vaults:2 | Found Toporof's General Store.
 36787 | Vaults:2 | Bought a scroll of blinking for 127 gold pieces
 36864 | Vaults:2 | Received a gift from Okawaru
 36896 | Vaults:2 | Learned a level 8 spell: Necromutation
 37238 | Vaults:2 | Reached skill level 15 in Fighting
 37280 | Vaults:2 | Lost mutation: You have sharp toenails. [mutagenic meat]
 37307 | Vaults:2 | Lost mutation: You are somewhat resistant to further mutation. [potion of cure mutation]
 37307 | Vaults:2 | Lost mutation: You regenerate slowly when monsters are visible. [potion of cure mutation]
 37307 | Vaults:2 | Lost mutation: You are dopey. (Int -2) [potion of cure mutation]
 37307 | Vaults:2 | Lost mutation: You are covered in fur. (AC +1) [potion of cure mutation]
 37307 | Vaults:2 | Lost mutation: Your system is resistant to poisons. (rPois) [potion of cure mutation]
 37307 | Vaults:2 | Lost mutation: Your skin changes colour to match your surroundings (Stealth+). [potion of cure mutation]
 37360 | Vaults:2 | Received a gift from Okawaru
 37367 | Vaults:2 | Gained mutation: Your mind is acute. (Int +2) [mutagenic meat]
 37370 | Vaults:2 | Gained mutation: You are robust. (+10% HP) [mutagenic meat]
 37373 | Vaults:2 | Gained mutation: You have large cloven feet. [mutagenic meat]
 37376 | Vaults:2 | Lost mutation: You have large cloven feet. [mutagenic meat]
 37658 | Vaults:2 | Gained mutation: You regenerate slowly when monsters are visible. [mutagenic meat]
 37661 | Vaults:2 | Gained mutation: You passively map a small area around you. [mutagenic meat]
 37835 | Vaults:3 | Received a gift from Okawaru
 37954 | Vaults:3 | Noticed Jorgrun
 37964 | Vaults:3 | Killed Jorgrun
 38001 | Vaults:3 | Gained mutation: You resist negative energy. (rN+) [demonic ancestry]
 38001 | Vaults:3 | Reached XP level 21. HP: 177/184 MP: 31/31
 38133 | Vaults:3 | Reached skill level 5 in Necromancy
 38153 | Vaults:3 | Learned a level 1 spell: Apportation
 38165 | Vaults:3 | Gained mutation: Your magical capacity is low. (-10% MP) [mutagenic meat]
 38168 | Vaults:3 | Gained mutation: You are clumsy. (Dex -2) [mutagenic meat]
 38171 | Vaults:3 | Gained mutation: You are very clumsy. (Dex -4) [mutagenic meat]
 38174 | Vaults:3 | Lost mutation: You are robust. (+10% HP) [mutagenic meat]
 38177 | Vaults:3 | Gained mutation: Your flesh is cold resistant. (rC+) [mutagenic meat]
 38180 | Vaults:3 | Lost mutation: Your mind is acute. (Int +2) [mutagenic meat]
 38183 | Vaults:3 | Lost mutation: You regenerate slowly when monsters are visible. [mutagenic meat]
 38186 | Vaults:3 | Gained mutation: You are weak. (Str -2) [mutagenic meat]
 38189 | Vaults:3 | Gained mutation: You tend to lose your temper in combat. [mutagenic meat]
 38192 | Vaults:3 | Lost mutation: You are weak. (Str -2) [mutagenic meat]
 38251 | Vaults:3 | Gained mutation: You are covered in fur. (AC +1) [mutagenic meat]
 38257 | Vaults:3 | Gained mutation: You evolve. [mutagenic meat]
 38260 | Vaults:3 | Gained mutation: Scrolls take you a little longer to read. [mutagenic meat]
 38655 | Vaults:3 | Found a gateway to a bazaar.
 38801 | Bazaar   | Entered a bazaar
 38802 | Bazaar   | Found Ilenoqel's Distillery.
 38802 | Bazaar   | Found Pugake's Gadget Shop.
 38803 | Bazaar   | Found Pybon's Magic Scroll Emporium.
 38834 | Bazaar   | Found Wufadil's Gadget Emporium.
 38842 | Bazaar   | Bought a phantom mirror for 480 gold pieces
 38853 | Bazaar   | Bought a potion of might for 44 gold pieces
 38853 | Bazaar   | Bought a potion of heal wounds for 55 gold pieces
 38864 | Bazaar   | Bought 3 scrolls of blinking for 337 gold pieces
 38864 | Bazaar   | Bought a scroll of enchant armour for 112 gold pieces
 39244 | Vaults:4 | Learned a level 8 spell: Death's Door
 39361 | Vaults:4 | Received a gift from Okawaru
 39624 | Vaults:4 | Reached skill level 5 in Charms
 39787 | Vaults:4 | Reached skill level 5 in Translocations
 39812 | Vaults:4 | Gained mutation: Your magical capacity is very low. (-20% MP) [evolution]
 39940 | Vaults:4 | Received a gift from Okawaru
 40135 | Vaults:4 | Reached skill level 5 in Spellcasting
 40145 | Vaults:4 | Found Cumufai's Armour Boutique.
 40157 | Vaults:4 | Reached skill level 24 in Axes
 40558 | Vaults:5 | Entered Level 5 of the Vaults
 40558 | Vaults:5 | Noticed Wiglaf
 40583 | Vaults:5 | Received a gift from Okawaru
 40584 | Vaults:5 | Killed Wiglaf
 40586 | Vaults:5 | Reached XP level 22. HP: 177/177 MP: 21/25
 40653 | Vaults:5 | Noticed a golden dragon
 40675 | Vaults:4 | Killed a golden dragon
 40727 | Vaults:5 | Noticed an ancient lich
 40747 | Vaults:5 | Killed an ancient lich
 40757 | Vaults:5 | Received a gift from Okawaru
 40774 | Vaults:5 | Lost mutation: Your magical capacity is very low. (-20% MP) [mutagenic meat]
 40780 | Vaults:5 | Gained mutation: You are resistant to hostile enchantments. (MR+) [mutagenic meat]
 40855 | Vaults:5 | Got a silver rune of Zot
 40867 | Vaults:5 | Found Safasoym's Magic Scroll Boutique.
 40907 | Vaults:5 | Noticed Xtahua
 40923 | Vaults:5 | Killed Xtahua
 40967 | Vaults:5 | Found Fanwa's Distillery.
 40971 | Vaults:5 | Bought a potion of heal wounds for 100 gold pieces
 40971 | Vaults:5 | Bought a potion of haste for 200 gold pieces
 40978 | Vaults:5 | Found Iluittil's Food Shop.
 41284 | Vaults:5 | Received a gift from Okawaru
 41300 | Vaults:5 | Got a brightly glowing plate armour
 41303 | Vaults:5 | Identified the +7 plate armour of the Mind {Regen+ rCorr MP+9 Dex-5} (You found it on level 5 of the Vaults)
 41325 | Vaults:5 | Learned a level 6 spell: Darkness
 41326 | Vaults:5 | Identified the Collected Works on Earthen Good Luck
 41494 | Vaults:5 | Found Arasevepni's Distillery.
 41498 | Vaults:5 | Bought a potion of mutation for 47 gold pieces
 41498 | Vaults:5 | Bought a potion of mutation for 47 gold pieces
 41503 | Vaults:5 | Lost mutation: You tend to lose your temper in combat. [potion of mutation]
 41515 | Vaults:5 | Found Pagi's Distillery.
 41520 | Vaults:5 | Bought a potion of haste for 150 gold pieces
 41520 | Vaults:5 | Bought a potion of cure mutation for 375 gold pieces
 41520 | Vaults:5 | Bought a potion of heal wounds for 75 gold pieces
 41520 | Vaults:5 | Bought a potion of curing for 45 gold pieces
 41527 | Vaults:5 | Found Geik's Distillery.
 41531 | Vaults:5 | Bought a potion of beneficial mutation for 595 gold pieces
 41531 | Vaults:5 | Bought a potion of heal wounds for 85 gold pieces
 41531 | Vaults:5 | Bought a potion of heal wounds for 85 gold pieces
 41531 | Vaults:5 | Bought 2 potions of mutation for 85 gold pieces
 41535 | Vaults:5 | Gained mutation: Your body sometimes deteriorates upon taking damage. [potion of mutation]
 41535 | Vaults:5 | Gained mutation: You occasionally shout uncontrollably at your foes. [potion of mutation]
 41536 | Vaults:5 | Lost mutation: You are very clumsy. (Dex -4) [potion of mutation]
 41536 | Vaults:5 | Lost mutation: You occasionally shout uncontrollably at your foes. [potion of mutation]
 41547 | Vaults:5 | Found Pucoicwu's Distillery.
 41591 | Vaults:5 | Gained mutation: You tend to lose your temper in combat. [potion of mutation]
 41603 | Vaults:5 | Bought a potion of heal wounds for 85 gold pieces
 41603 | Vaults:5 | Bought a potion of haste for 170 gold pieces
 41603 | Vaults:5 | Bought a potion of haste for 170 gold pieces
 41629 | Vaults:5 | Found Ukaoch's Distillery.
 41700 | Vaults:5 | Gained mutation: Your system is resistant to poisons. (rPois) [mutagenic meat]
 42485 | Slime:1  | Entered Level 1 of the Pits of Slime
 42488 | Slime:1  | Gained mutation: Your magical capacity is very low. (-20% MP) [a shining eye]
 42523 | Slime:2  | Gained mutation: You are somewhat able to resist unholy torments (1 in 2 success). [demonic ancestry]
 42523 | Slime:2  | Reached XP level 23. HP: 176/184 MP: 26/26
 42535 | Slime:2  | Gained mutation: Your magical capacity is extremely low. (-30% MP) [a shining eye]
 42538 | Slime:2  | Received a gift from Okawaru
 42543 | Slime:2  | Reached skill level 1 in Transmutations
 42644 | Slime:3  | Gained mutation: Your body often deteriorates upon taking damage. [a shining eye]
 42647 | Slime:3  | Gained mutation: Your spells are a little easier to cast, but a little less powerful. [a shining eye]
 42664 | Slime:5  | Entered Level 5 of the Pits of Slime
 42746 | Slime:5  | Noticed the Royal Jelly
 42765 | Slime:5  | Killed the Royal Jelly
 42765 | Slime:5  | Received a gift from Okawaru
 42833 | Slime:5  | Gained mutation: You often lose your temper in combat. [a shining eye]
 42854 | Slime:5  | Reached skill level 25 in Axes
 42888 | Slime:5  | Got a faintly glowing tin ring
 42889 | Slime:5  | Identified the ring "Ewkobimo" {+Fly rF+} (You found it on level 5 of the Pits of Slime)
 42903 | Slime:5  | Got a slimy rune of Zot
 42928 | Slime:5  | Got a heavily runed lead ring
 42929 | Slime:5  | Identified the ring "Kathyevi" {rF+ rC+ Str+2} (You found it on level 5 of the Pits of Slime)
 42995 | Slime:5  | Got a heavily runed amber ring
 42997 | Slime:5  | Identified the ring of the Cicada {+Blink rC+ MR+ Dex+2} (You found it on level 5 of the Pits of Slime)
 43335 | Depths:1 | Entered Level 1 of the Depths
 43868 | Depths:1 | Noticed the Enchantress
 43901 | Depths:1 | Killed the Enchantress
 43910 | Depths:1 | Got a faerie dragon armour
 43984 | Depths:1 | Identified the +2 faerie dragon armour {rN+ MR+} (You took it off the Enchantress on level 1 of the Depths)
 44030 | Depths:1 | Found a gateway to a ziggurat.
 44121 | Depths:1 | Received a gift from Okawaru
 44134 | Depths:1 | Got an encrusted plate armour {god gift}
 44146 | Depths:1 | Identified the +1 plate armour "Jousoq" {rN+ SInv Stlth-} (Okawaru gifted it to you on level 1 of the Depths)
 44171 | Depths:1 | Lost mutation: Your magical capacity is extremely low. (-30% MP) [mutagenic meat]
 44177 | Depths:1 | Lost mutation: You passively map a small area around you. [mutagenic meat]
 44180 | Depths:1 | Gained mutation: You possess an exceptional clarity of mind. [mutagenic meat]
 44560 | Depths:2 | Reached skill level 10 in Necromancy
 44736 | Depths:2 | Found a shimmering altar of Xom.
 44835 | Depths:2 | Lost mutation: Your body often deteriorates upon taking damage. [mutagenic meat]
 44851 | Depths:2 | Lost mutation: Your spells are a little easier to cast, but a little less powerful. [mutagenic meat]
 44854 | Depths:2 | Lost mutation: You possess an exceptional clarity of mind. [mutagenic meat]
 44874 | Depths:2 | Lost mutation: Your magical capacity is very low. (-20% MP) [mutagenic meat]
 44877 | Depths:2 | Gained mutation: You are weak. (Str -2) [mutagenic meat]
 44981 | Depths:2 | Gained mutation: Your melee attacks may debilitate your foes. [demonic ancestry]
 44981 | Depths:2 | Reached XP level 24. HP: 111/191 MP: 32/32
 45057 | Depths:2 | Gained mutation: Your magical capacity is very low. (-20% MP) [mutagenic meat]
 45069 | Depths:2 | Lost mutation: You often lose your temper in combat. [mutagenic meat]
 45075 | Depths:2 | Lost mutation: You are clumsy. (Dex -2) [mutagenic meat]
 45106 | Depths:2 | Identified the Disquisition on Flames
 45117 | Depths:2 | Lost mutation: Your magical capacity is very low. (-20% MP) [mutagenic meat]
 45120 | Depths:2 | Gained mutation: You often lose your temper in combat. [mutagenic meat]
 45123 | Depths:2 | Gained mutation: You are highly resistant to hostile enchantments. (MR++) [mutagenic meat]
 45197 | Depths:2 | Learned a level 5 spell: Silence
 45255 | Depths:2 | Reached skill level 5 in Transmutations
 45444 | Depths:2 | Received a gift from Okawaru
 45451 | Depths:2 | Got a smoking plate armour {god gift}
 45462 | Depths:2 | Identified the +4 plate armour of Royalty {Regen+ Dex+2} (Okawaru gifted it to you on level 2 of the Depths)
 45505 | Depths:3 | Found a one-way gate leading to the halls of Pandemonium.
 45563 | Depths:3 | Identified the Compendium of the Unstable Escort
 45791 | Depths:3 | Noticed Margery
 45805 | Depths:3 | Killed Margery
 45805 | Depths:3 | Reached skill level 26 in Axes
 45995 | Depths:3 | Lost mutation: You are weak. (Str -2) [mutagenic meat]
 45998 | Depths:3 | Lost mutation: You often lose your temper in combat. [mutagenic meat]
 46001 | Depths:3 | Gained mutation: You are frail. (-10% HP) [mutagenic meat]
 46283 | Depths:3 | Received a gift from Okawaru
 46534 | Depths:3 | Received a gift from Okawaru
 46564 | Depths:3 | Gained mutation: Scrolls take you longer to read. [mutagenic meat]
 46567 | Depths:3 | Lost mutation: Your magical capacity is low. (-10% MP) [mutagenic meat]
 46570 | Depths:3 | Gained mutation: You are very frail. (-20% HP) [mutagenic meat]
 46722 | Depths:3 | Found a portal to a secret trove of treasure.
 46735 | Depths:3 | Paralysed by a Zot trap for 3 turns
 47083 | Depths:4 | Noticed Frederick
 47086 | Depths:4 | Found a one-way gate to the infinite horrors of the Abyss.
 47098 | Depths:4 | Killed Frederick
 47133 | Depths:4 | Lost mutation: Your body sometimes deteriorates upon taking damage. [mutagenic meat]
 47136 | Depths:4 | Gained mutation: Your spells are a little easier to cast, but a little less powerful. [mutagenic meat]
 47166 | Depths:4 | Reached skill level 10 in Spellcasting
 47173 | Depths:4 | Found a glowing golden altar of the Shining One.
 47186 | Depths:4 | Found a hide-covered altar of Uskayaw.
 47186 | Depths:4 | Found a bloodstained altar of Trog.
 47398 | Depths:4 | Lost mutation: You are very frail. (-20% HP) [mutagenic meat]
 47435 | Depths:4 | Noticed a juggernaut
 47444 | Depths:4 | Killed a juggernaut
 47477 | Depths:4 | Reached XP level 25. HP: 121/177 MP: 37/37
 47496 | Depths:4 | Received a gift from Okawaru
 47590 | Depths:4 | Gained mutation: You are agile. (Dex +2) [evolution]
 47785 | Depths:4 | Got a scorched pewter ring
 47788 | Depths:4 | Identified the ring "Oroxkyq" {Fire rPois Str+3 Dex-4} (You took it off a spriggan air mage on level 4 of the Depths)
 47957 | Depths:4 | Noticed a juggernaut
 47970 | Depths:4 | Killed a juggernaut
 48392 | D:15     | Bought the +5 scale mail of Dishonesty {rF+ rC++ Dex+4} for 1033 gold pieces
 48537 | Depths:3 | You paid a toll of the scale mail of Dishonesty to enter a treasure trove
 48538 | Trove    | Entered a treasure trove
 48553 | Trove    | Got a transparent copper ring
 48555 | Trove    | Identified the ring of Rofineuz {rF+ rN+ Int+2} (You found it in a treasure trove)
 48589 | Trove    | Got a spiked cloak
 48600 | Trove    | Identified the +1 cloak of Usanew {*Corrode +Blink MR- Int+8} (You found it in a treasure trove)
 48708 | Depths:1 | Learned a level 6 spell: Haste
 48793 | Depths:4 | Received a gift from Okawaru
 48835 | Depths:5 | Entered Level 5 of the Depths
 49407 | Depths:5 | Found a basalt altar of Yredelemnul.
 49529 | Depths:5 | Gained mutation: You have large cloven feet. [mutagenic meat]
 49532 | Depths:5 | Lost mutation: You evolve. [mutagenic meat]
 49861 | Depths:5 | Reached skill level 1 in Air Magic
 49895 | Depths:5 | Reached skill level 15 in Armour
 49922 | Depths:5 | Found a gate to the Realm of Zot.
 50008 | Depths:5 | Gained mutation: You are very frail. (-20% HP) [potion of mutation]
 50008 | Depths:5 | Lost mutation: You are agile. (Dex +2) [potion of mutation]
 50046 | Depths:4 | Got an ancient scale mail {god gift}
 50057 | Depths:4 | Identified the +6 scale mail of Ukhladone {Regen+} (Okawaru gifted it to you on level 4 of the Depths)
 50541 | Lair:6   | Fell from the grace of Okawaru
 50541 | Lair:6   | Became a worshipper of Makhleb the Destroyer
 50931 | Crypt:1  | Entered Level 1 of the Crypt
 51108 | Crypt:1  | Reached * piety under Makhleb
 51116 | Crypt:1  | Noticed Boris
 51128 | Crypt:1  | Killed Boris
 51281 | Crypt:1  | Reached XP level 26. HP: 154/164 MP: 38/38
 51910 | Crypt:1  | Reached ** piety under Makhleb
 52680 | Crypt:2  | Noticed a greater mummy
 52709 | Crypt:2  | Killed a greater mummy
 52737 | Crypt:2  | Identified the Volume of Flight (You found it on level 2 of the Crypt)
 52757 | Crypt:2  | Noticed a greater mummy
 52784 | Crypt:2  | Killed a greater mummy
 52804 | Crypt:2  | Got a warped tin ring
 52807 | Crypt:2  | Identified the ring "Boll" {rF+ Str+2 Int+4} (You found it on level 2 of the Crypt)
 52855 | Crypt:3  | Entered Level 3 of the Crypt
 52897 | Crypt:3  | Reached skill level 5 in Air Magic
 52936 | Crypt:3  | Reached *** piety under Makhleb
 52939 | Crypt:3  | Reached skill level 10 in Transmutations
 53054 | Crypt:3  | Found a staircase to the Tomb.
 53297 | Crypt:3  | Reached **** piety under Makhleb
 53339 | Crypt:3  | Found an ancient bone altar of Kikubaaqudgha.
 53421 | Crypt:3  | Identified the Collected Works on Protection and Moulding
 53707 | Crypt:3  | Reached ***** piety under Makhleb
 54481 | Pan      | Entered Pandemonium
 54484 | Pan      | Reached skill level 1 in Evocations
 54511 | Pan      | Got a bloodstained scale mail
 54514 | Pan      | Identified the cursed +1 scale mail of Oblivion {MR- rCorr Slay+6} (You found it in Pandemonium)
 54524 | Pan      | Gained mutation: You often lose your temper in combat. [a neqoxec]
 54525 | Pan      | Gained mutation: You have an uncontrollable temper. [a neqoxec]
 54604 | Pan      | Reached skill level 5 in Evocations
 54717 | Pan      | Gained mutation: You regenerate slowly when monsters are visible. [a cacodemon]
 54718 | Pan      | Gained mutation: You are weak. (Str -2) [a cacodemon]
 54720 | Pan      | Reached ****** piety under Makhleb
 54722 | Pan      | Noticed Molluehu the pandemonium lord
 54739 | Pan      | Killed Molluehu the pandemonium lord
 54739 | Pan      | Reached XP level 27. HP: 167/167 MP: 37/39
 54782 | Pan      | Got a demonic rune of Zot
 55069 | Pan      | Found an exit through the horrors of the Abyss.
 55174 | Pan      | Noticed Zeyzutig the pandemonium lord
 55186 | Pan      | Slain by Zeyzutig the pandemonium lord

Vault maps used:
D:1:      onia_arrival_larder
D:2:      old_standard_altar, grunt_temple_overflow_open
D:3:      first_bread
D:4:      portal_sewer_entry_b, uniq_edmund, uniq_sigmund
D:6:      nicolae_gozag_cash_rules_everything_around_me
D:7:      nicolae_ossuary_entry_monument
D:8:      erik_lair_orcish_takeover, serial_shops, nicolae_shop_trees
D:9:      nicolae_ashenzari_panopticon, uniq_psyche
D:10:     kennysheep_another_room
D:11:     orc_0_dummy
D:12:     uniq_josephine
D:13:     grunt_vaults_entry_tiered, serial_shops, nicolae_shop_crystal
D:14:     corexii_corridor_pit, grunt_livestock, minmay_misc_feat_chi
D:15:     gammafunk_depths_entry_grave, serial_shops, shop
Temple:   eino_wide_crystal_templ
Lair:1:   grunt_megastairs_1, lemuel_fruit_fields
Lair:2:   portal_ice_cave_entry_imps, infiniplex_staircase_pool
Lair:4:   swamp_mist_pool, minmay_snake_entry_guardpost_small, lemuel_fruit_tree
Lair:5:   special_room, grunt_megastairs_3, lemuel_fruit_fields
Lair:6:   evil_forest, slime_altar_1, infiniplex_staircase_pool_2, uniq_snorg
Swamp:1:  evilmike_swamp_ruin_rubble_1, swamp_pool2, uniq_donald
Swamp:2:  basic_altar
Swamp:3:  hangedman_swamp_ruin_wall, swamp_pool1
Swamp:4:  swamp, uniq_bai_suzhen
Snake:1:  uniq_nikola
Snake:2:  nicolae_snake_squiggles, st_stairs_12, nicolae_large_snake_swirl,
          uniq_aizul
Snake:3:  grunt_megastairs_2, uniq_saint_roka
Snake:4:  grunt_snake_rune_serpentine_throne, spider_trap
Slime:3:  cheibrodos_slime_lost_civilization_4
Orc:1:    nicolae_volcano_entry_batcave, uniq_fannar
Orc:2:    grunt_orc_gardens, grunt_orc_garden, grunt_orc_garden,
          grunt_orc_garden, grunt_orc_garden, basic_altar, uniq_nessos
Elf:1:    mu_elemental_laboratory, hangedman_corner_corridor,
          minmay_strange_pillars, uniq_louise, uniq_agnes
Elf:2:    serial_shops, shop, uniq_asterion
Elf:3:    minmay_elf_hall_circle
Vaults:1: nicolae_vaults_triangles, grunt_tower_of_power, vaults_room_pool,
          grunt_vaults_diagonal, nicolae_vaults_circle_grid_b, v_misc_2,
          nicolae_vaults_stairing_the_circle, ontoclasm_vaults_shuriken,
          vaults_dpeg_encased_lava
Vaults:2: hangedman_vaults_river_flow, minmay_crypt_entry_simple_round,
          vaults_dpeg_diagonal, hangedman_vaults_stitches,
          nicolae_vaults_three_branches, dpeg_vaults_monster_box,
          nicolae_vaults_gold_heap, v_misc_11, vaults_room_large_hall,
          grunt_vaults_hallway_long, nicolae_vaults_border_crossing, v_misc_22,
          serial_shops, shop
Vaults:3: grunt_vaults_trifunnel, vaults_room_boxed, v_misc_28,
          nicolae_vaults_little_squares_1, vaults_mumra_hexcomb, v_misc_28,
          v_misc_25, vaults_mumra_hex, nicolae_vaults_little_squares_6,
          nicolae_vaults_meeting, ontoclasm_vaults_pinch, serial_shops,
          bzr_entry_gold, uniq_jorgrun
Vaults:4: grunt_vaults_swirl, v_misc_12, vaults_standard_mumra_x,
          v_alt_pattern_6, vaults_mumra_minichess, nicolae_vaults_rhombus_5,
          serial_shops, shop_statue
Vaults:5: uniq_wiglaf, uniq_xtahua
Crypt:1:  uniq_boris
Crypt:2:  st_burial_chamber, basic_stair_grate_trap
Crypt:3:  church_of_pain_bobbens, tomb_entry_sphere_bobbens, st_chilly_death
Depths:1: enter_ziggurat_b, hangedman_tar_grid_catacomb,
          hangedman_decor_opposing, grunt_ministairs_11,
          eino_small_chamber_without_monster, minmay_misc_feat_encased,
          corexii_leaking_fountain, kennysheep_boxes, uniq_enchantress
Depths:2: minmay_fractal_lines_corner, kennysheep_cross_room, hell_entry,
          tgw_xom, serial_bayou_shore_a
Depths:3: kennysheep_large_spiral, nicolae_trove_entry_crystal, pan_entry,
          minmay_misc_feat_rugged, pf_vacation_house_of_asmodeus,
          eino_tiny_chamber, uniq_margery
Depths:4: hangedman_slaughterboxes, abyss_entry, hell_entry, uniq_frederick
Depths:5: evilmike_zot_entry_hall, pan_entry, grunt_hell_entry_dis_mu,
          nicolae_water_bricks, hangedman_blasphemy
Pan:      lemuel_hall_of_pain, pan_blood_fountain_small, nicolae_pan_hourglass,
          grunt_pan_frozen_over, nicolae_pan_sigil_nadil
Bazaar:   bazaar_minmay_plants
Trove:    trove_simple
Sewer:    sewer_co_cracked_pipes
Ossuary:  ossuary_kennysheep_city_of_the_dead
IceCv:    ice_cave_small_dragons

Skill      XL: |  1  2  3  4  5  6  7  8  9 10 11 12 13 14 15 16 17 18 19 20 21 22 23 24 25 26 27 |
---------------+----------------------------------------------------------------------------------+-----
Axes           | 2 3 4 6 7 8 10 12 14 16 17 19 20 21 22 23 24 25 26 | 26.6
Fighting       | 6 7 9 11 12 13 14 15 16 | 16.2
Armour         | 3 5 7 10 11 12 13 15 | 15.0
Dodging        | 1 3 5 7 9 10 11 12 13 | 13.3
Invocations    | 13 | 13.7
Charms         | 3 5 6 |  6.9
Necromancy     | 4 6 8 10 11 12 14 | 14.3
Spellcasting   | 3 5 6 8 10 11 12 | 12.8
Translocations | 3 5 7 |  7.1
Transmutations | 4 6 8 11 | 11.1
Air Magic      | 3 7 |  7.3
Evocations     | 6 9 |  9.6
Shields        | |  2.6

Action                   |  1- 3 |  4- 6 |  7- 9 | 10-12 | 13-15 | 16-18 | 19-21 | 22-24 | 25-27 || total
-------------------------+-------+-------+-------+-------+-------+-------+-------+-------+-------++-------
Melee: War axe           |   127 |   203 |   725 |   336 |       |       |       |       |       ||  1391
       Hand axe          |       |       |       |   671 |   136 |       |       |       |       ||   807
       Morningstar       |       |       |       |     9 |       |       |       |       |       ||     9
       Battleaxe         |       |       |       |       |   789 |  1112 |  1252 |       |       ||  3153
       Headbutt          |       |       |       |       |   238 |   304 |   363 |   305 |   437 ||  1647
       Bite              |       |       |       |       |    42 |       |       |       |       ||    42
       Executioner's axe |       |       |       |       |       |       |    26 |  1111 |  1320 ||  2457
Throw: Tomahawk          |       |       |     2 |       |       |       |       |       |       ||     2
       Javelin           |       |       |     1 |       |       |       |       |       |       ||     1
 Cast: Song of Slaying   |       |       |       |       |       |       |       |     1 |     6 ||     7
       Regeneration      |       |       |       |       |       |       |       |       |    14 ||    14
Invok: Heroism           |       |       |     3 |    18 |    13 |    12 |     8 |    15 |     1 ||    70
       Finesse           |       |       |       |       |       |       |     3 |     6 |       ||     9
 Abil: Evoke Flight      |       |       |       |       |       |     1 |       |     1 |     2 ||     4
       Stop Flying       |       |       |       |       |       |       |       |     1 |     2 ||     3
Evoke: Wand              |       |       |       |       |       |       |       |     2 |     6 ||     8
  Use: Scroll            |       |     1 |     9 |    15 |    20 |     6 |     4 |     6 |    11 ||    72
       Potion            |       |     1 |     3 |     3 |     2 |     2 |     9 |     8 |     3 ||    31
 Stab: Invisible         |       |       |       |       |       |       |     3 |       |       ||     3
       Distracted        |       |       |       |       |       |       |       |     1 |     2 ||     3
       Held in net/web   |       |       |       |       |       |       |       |       |     1 ||     1
  Eat: Chunk             |     1 |     4 |    19 |    27 |    35 |    73 |    49 |    81 |    15 ||   304
       Beef jerky        |       |       |     1 |       |     5 |     1 |     1 |     2 |     2 ||    12
       Pizza             |       |       |     1 |       |     1 |       |     3 |     3 |     2 ||    10
       Royal jelly       |       |       |       |       |     1 |       |       |       |       ||     1
       Fruit             |       |       |       |       |       |     8 |     3 |     2 |     9 ||    22
       Meat ration       |       |       |       |       |       |       |       |       |     4 ||     4
Armor: Scale mail        |    47 |    87 |       |       |       |       |       |       |   296 ||   430
       Plate armour      |       |    40 |   330 |   313 |   227 |   597 |   517 |   597 |   234 ||  2855
       Chain mail        |       |    12 |       |     7 |   198 |       |       |       |       ||   217
Dodge: Dodged            |    35 |    48 |    38 |    64 |   304 |   450 |   553 |   687 |   829 ||  3008
Block: Shield            |    65 |   106 |   383 |   577 |    63 |       |       |       |       ||  1194
       Reflection        |       |       |     2 |    14 |     1 |       |       |       |     8 ||    25
       Other             |       |       |       |       |    52 |   100 |   144 |   145 |   291 ||   732
